 Dungeon Crawl Stone Soup version 0.24.0-125-gc4c63601f3 (webtiles) character file.

Game seed: 4959740326287054083, levelgen mode: deterministic

51 BuffBuff the Shield-Bearer (level 3, -3/20 HPs)
             Began as a Vine Stalker Fighter on Mar 12, 2020.
             Slain by a sky beast (5 damage)
             ... on level 2 of the Dungeon.
             The game lasted 00:04:42 (827 turns).

BuffBuff the Shield-Bearer (Vine Stalker Fighter)    Turns: 827, Time: 00:04:42

Health: -3/20      AC:  6    Str: 19    XL:     3   Next: 83%
Magic:  0/4        EV:  7    Int:  8    God:
Gold:   117        SH:  9    Dex: 13    Spells: 2/2 levels left

rFire    . . .     SeeInvis .     - Unarmed
rCold    . . .     Gourm    .   b - +0 shield
rNeg     . . .     Faith    .   a - +0 scale mail
rPois    .         Spirit   +   (no helmet)
rElec    .         Reflect  .   (no cloak)
rCorr    .         Harm     .   (no gloves)
MR       .....                  (no boots)
Stlth    ..........             (no amulet)
HPRegen  0.06/turn              (no ring)
MPRegen  0.09/turn              (no ring)

@: no status effects
A: fangs 2, magic shield, antimagic bite, no potion heal 3, rot immunity
a: no special abilities


You were on level 2 of the Dungeon.
You were not hungry.

You visited 1 branch of the dungeon, and saw 2 of its levels.

You collected 117 gold pieces.

Inventory:

Armour
 a - a +0 scale mail (worn)
 b - a +0 shield (worn)
Jewellery
 f - an uncursed ring of resist corrosion
 i - a cursed -3 ring of strength {unknown}
Scrolls
 g - a scroll of amnesia {unknown}
 h - a scroll of fog {unknown}
Potions
 c - a potion of might
 e - a potion of lignification {unknown}
 j - 2 potions of agility {unknown}
Comestibles
 d - 4 rations


   Skills:
 + Level 3.0 Fighting
 + Level 2.9 Armour
 + Level 0.3 Dodging
 + Level 3.3 Shields
 + Level 2.2 Unarmed Combat


You had 2 spell levels left.
You didn't know any spells.
Your spell library was empty.

Dungeon Overview and Level Annotations

Branches:
Dungeon (2/15)

Altars:


Innate Abilities, Weirdness & Mutations

You have extremely sharp teeth.
When hurt, damage is shared between your health and your magic reserves.
Your bite disrupts and absorbs the magic of your enemies.
Potions cannot restore your health.
You are immune to rotting.


Message History

The sky beast flickers out of sight!
Deactivating autopickup; reactivate with Ctrl-A.
Something hits you. Something shocks you.
* * * LOW HITPOINT WARNING * * *
You miss something. You bite something.
A sky beast appears from thin air!
Reactivating autopickup.
You block the sky beast's attack.
You barely miss the sky beast.
You bite the sky beast, but do no damage.
The sky beast is lightly wounded.
The sky beast flickers out of sight!
Deactivating autopickup; reactivate with Ctrl-A.
Something hits you but does no damage.
You closely miss something. Your bite misses something.
Something hits you but does no damage.
There is a stone staircase leading down here.
Something hits you.
* * * LOW HITPOINT WARNING * * *
Something shocks you.
You die...

#.# ######..##.###.##.##
#.# #.............)...>.
#.####.####..........{...
#.................# #
######.####......##.#
#.##...........#
#.##.###..#.#### #....
#..#.# #### #.##@# ..##.#
......# ########


There were no monsters in sight!

Vanquished Creatures
  An adder (D:2)
  A dart slug (D:1)
  A leopard gecko (D:1)
  9 bats
  2 giant cockroaches (D:1)
  8 hobgoblins
  A quokka (D:2)
  7 frilled lizards
  5 goblins (D:1)
  2 rats
37 creatures vanquished.

Notes
Turn   | Place    | Note
-------+----------+-------------------------------------------
     0 | D:1      | BuffBuff the Vine Stalker Fighter began the quest for the
                  | Orb.
     0 | D:1      | Reached XP level 1. HP: 11/11 MP: 2/2
    66 | D:1      | Reached XP level 2. HP: 7/16 MP: 3/3
   477 | D:1      | Reached XP level 3. HP: 20/20 MP: 4/4
   807 | D:2      | Noticed a sky beast
   827 | D:2      | Slain by a sky beast

Levels and vault maps discovered:
D:1:      onia_arrival_pentagram, layout_rooms, chequers_serial_rivers_micro_b
D:2:      layout_loops_ring, minmay_pentomino_v2

Skill      XL: |  1  2 |
---------------+-------+-----
Fighting       | 3 |  3.0
Shields        | 3 |  3.3
Armour         | |  2.9
Dodging        | |  0.3
Unarmed Combat | |  2.2

Action                   || total
-------------------------++-------
Melee: Unarmed           ||   152
       Bite              ||    43
Armor: Scale mail        ||    70
Dodge: Dodged            ||    37
Block: Shield            ||    73
